[Event "*** Titled Tuesday Blitz"]
[Site "Chess.com"]
[Date "2019.01.01"]
[Round "6"]
[White "albi1999"]
[Black "itisabigworld"]
[Result "0-1"]
[WhiteElo "2450"]
[BlackElo "2357"]
[TimeControl "180+2"]
[EndTime "14:23:11 PST"]
[Termination "itisabigworld won by resignation"]

1. d4 b6 2. e4 Bb7 3. Nd2 e6 4.
Ngf3 c5 5. c3 Nf6 6. Bd3 d5 7.
e5 Nfd7 8. O-O Nc6 9. Re1 Be7 10. a3 g5 11. h3 h5 12. b4 g4 13. b5 gxf3 14.
bxc6 Bxc6 15. Nxf3 Qc7 16. Be3 c4 17. Bc2 h4 18. a4 O-O-O 19. Nh2 Rdg8 20. Ng4 f5 21. exf6 Nxf6 22. Ne5 Bb7 23. Bf4 Bd6 24. Kh1 Rg7 25. Qb1 Rhg8 26. Rg1 Nh5 27. Be3 Bxe5 28. dxe5 d4 29. Bxd4 Rxg2 30. Rxg2 Bxg2+ 31. Kh2 Bf3 32. Be4 Rg2+ 33. Kh1 Qf7 34. Be3 Rxf2+ 35. Kg1 Rg2+ 36. Kh1 0-1

[Event "*** Titled Tuesday Blitz"]
[Site "Chess.com"]
[Date "2019.01.01"]
[Round "6"]
[White "Naruto-K"]
[Black "2165149677570"]
[Result "1-0"]
[WhiteElo "2487"]
[BlackElo "2352"]
[TimeControl "180+2"]
[EndTime "14:23:22 PST"]
[Termination "Naruto-K won by resignation"]

1. d4 Nf6 2. Bf4 d6 3. e3 b6 4. Nf3 Bb7 5. Be2 g6 6. O-O Bg7 7. a4 O-O 8. a5 Re8 9. Nc3 bxa5 10. Rxa5 Nc6 11. Ra1 e5 12. dxe5 Nxe5 13. Nxe5 dxe5 14. Qxd8 Raxd8 15. Bg3 a6 16. Rfd1 Nh5 17. Bxh5 gxh5 18.
e4 Rd4 19. f3 Red8 20. Bf2 Rxd1+ 21. Rxd1 Rxd1+ 22. Nxd1 Kf8 23. Bc5+ Ke8 24. Ne3 Kd7 25. Nf5 Bf6 26. Kf2 Kc6 27. Bf8 Kb5 28. Ke3 Bg5+ 29. Kd3 Bc8 30. Bg7 Bxf5 31. exf5 f6 32. Bf8 h4 33. Be7 h5 34. Ke4 h3 35. gxh3 h4 36. Kd5 a5 37. Ke6 a4 38. b3 a3 39.
Bxa3 c5 40. Kd5 Be3 41. c4+ Kb6 42. b4 cxb4 43. Bxb4 Kc7 44. Be7 Bg5 45. Ke6 Kc6 46. Bxf6 1-0

[Event "*** Titled Tuesday Blitz"]
[Site "Chess.com"]
[Date "2019.01.01"]
[Round "6"]
[White "Parhamov"]
[Black "1e41-0"]
[Result "1-0"]
[WhiteElo "2889"]
[BlackElo "2547"]
[TimeControl "180+2"]
[EndTime "14:23:28 PST"]
[Termination "Parhamov won by resignation"]

1. e4 e6 2. d4 d5 3. Nc3 Bb4 4. e5 b6 5. Qg4 Bf8 6. Nf3 Qd7 7.
h4 Ba6 8. Bxa6 Nxa6 9. a3 Ne7 10. h5 h6 11. O-O Nf5 12. Ne2 c5 13. c3 Nb8 14.
Qf4 Nc6 15. g4 Nfe7 16. b4 g5 17. Qg3 Bg7 18. Nh2 cxd4 19. cxd4 f6 20. b5 Nxd4 21. Nxd4 fxe5 22. Nc6 Nxc6 23. bxc6 Qc7 24. Bb2 O-O 25. Rae1 Rf4 26. Nf3 d4 27. Bc1 Re8 28. Bxf4 exf4 29. Qg2 e5 30. Nd2 e4 31. Rxe4 Qxc6 32. Rxe8+ Qxe8 33. Qd5+ Kh8 34. Nf3 Qc8 35. Qf5 Qc6 36. Re1 1-0

[Event "*** Titled Tuesday Blitz"]
[Site "Chess.com"]
[Date "2019.01.01"]
[Round "6"]
[White "PlotnikovPavel"]
[Black "Keaton87"]
[Result "1-0"]
[WhiteElo "2382"]
[BlackElo "2507"]
[TimeControl "180+2"]
[EndTime "14:23:29 PST"]
[Termination "PlotnikovPavel won by checkmate"]

1. d4 d5 2. Nf3 Nf6 3. c4 e6 4. Nc3 Nbd7 5. e3 Be7 6. Bd3 O-O 7. O-O c5 8. cxd5 Nxd5 9. Nxd5 exd5 10. b3 b6 11. Bb2 Nf6 12. Ne5 Bb7 13. Rc1 g6 14. Qf3 Nd7 15. Ng4 h5 16. Nh6+ Kg7 17. dxc5+ Kxh6 18. c6 Bxc6 19. Rxc6 Nc5 20. Bb1 Qd7 21. Qxf7 Rxf7 22. Rxg6+ Kh7 23. Rg7+ Kh8 24. Rh7+ Kg8 25.
Rh8# 1-0

[Event "*** Titled Tuesday Blitz"]
[Site "Chess.com"]
[Date "2019.01.01"]
[Round "6"]
[White "harperchesstt"]
[Black "Vegan4future"]
[Result "0-1"]
[WhiteElo "2117"]
[BlackElo "2346"]
[TimeControl "180+2"]
[EndTime "14:23:31 PST"]
[Termination "Vegan4future won by resignation"]

1. e4 e5 2. Nf3 d6 3. d4 exd4 4.
Nxd4 Nf6 5. Nc3 Be7 6. f3 O-O 7. Be3 d5 8. e5 c5 9. exf6 Bxf6 10. Be2 Re8 11. Bf2 cxd4 12. Bxd4 Bxd4 13. Qxd4 Nc6 14. Qxd5 Qxd5 15. Nxd5 Nd4 16. Kf1 Rxe2 17. Rd1 Rxc2 18. Rxd4 Be6 19. Ne3 Rxb2 20. Rd1 Rxa2 21. h3 a5 22. Kg1 Re2 23. Ng4 a4 24. Kh2 a3 25.
Ra1 a2 26. Rhb1 h5 0-1

[Event "*** Titled Tuesday Blitz"]
[Site "Chess.com"]
[Date "2019.01.01"]
[Round "6"]
[White "Quiet_Desperation"]
[Black "IMAghasiyevKamal"]
[Result "0-1"]
[WhiteElo "2371"]
[BlackElo "2544"]
[TimeControl "180+2"]
[EndTime "14:23:36 PST"]
[Termination "IMAghasiyevKamal won by resignation"]

1. e4 e5 2. Nf3 Nc6 3. Bc4 Bc5 4. b4 Bxb4 5. c3 Be7 6. d4 Na5 7. Bd3 d5 8. exd5 Qxd5 9. dxe5 Bg4 10. Qa4+ Bd7 11.
Qd1 O-O-O 12. O-O f6 13. Qe2 Bc6 14. Rd1 Kb8 15. Bc2 Qc4 16. Rxd8+ Bxd8 17. Bd3 Qd5 18. c4 Qe6 19. Bd2 Bxf3 20. Qxf3 Nxc4 21. Bc3 Nxe5 22. Qe2 Ne7 23. Nd2 Nd5 24. Bxe5 Qxe5 25. Qd1 Nc3 26. Qc1 Be7 27. Nf3 Qa5 28. Qe3 Bc5 29. Qe6 Qb6 30.
Rc1 Qxe6 0-1

[Event "*** Titled Tuesday Blitz"]
[Site "Chess.com"]
[Date "2019.01.01"]
[Round "6"]
[White "Generalas"]
[Black "dolynachess"]
[Result "0-1"]
[WhiteElo "2245"]
[BlackElo "2376"]
[TimeControl "180+2"]
[EndTime "14:23:37 PST"]
[Termination "dolynachess won by resignation"]

1. Nf3 Nf6 2. c4 e6 3. g3 d5 4. Bg2 Be7 5. O-O O-O 6. b3 c6 7. Bb2 a5 8. Nc3 Nbd7 9. d4 b6 10. Ne5 Bb7 11. e3 Nxe5 12. dxe5 Nd7 13. cxd5 cxd5 14.
f4 Rc8 15. Qg4 Ba6 16. Rfd1 Bc5 17. Kh1 Bxe3 18. Nxd5 exd5 19. Rxd5 Rc2 20. Rxd7 Bc8 21. e6 Rxb2 22. exf7+ Kh8 23. Rxd8 Rxd8 24. Rd1 Rb1 25. Bf1 Bb7+ 26. Bg2 Rbxd1+ 0-1

[Event "*** Titled Tuesday Blitz"]
[Site "Chess.com"]
[Date "2019.01.01"]
[Round "6"]
[White "pultineviciuspaulius"]
[Black "Jbd735"]
[Result "1-0"]
[WhiteElo "2607"]
[BlackElo "2462"]
[TimeControl "180+2"]
[EndTime "14:23:42 PST"]
[Termination "pultineviciuspaulius won on time"]

1. d4 d5 2. Nf3 Nf6 3. Bf4 c6 4. e3 e6 5. Bd3 Bd6 6. Bg3 Ne4 7. Nbd2 f5 8. Ne5 O-O 9. f3 Nxg3 10. hxg3 Bxe5 11.
dxe5 Qb6 12. Kf2 Qxb2 13. f4 c5 14. Qh5 h6 15. Qg6 Nc6 16. Rxh6 Qxa1 17. Qh7+ Kf7 18. Rf6+ Ke8 19. Qg6+ Kd7 20. Qxg7+ Ne7 21. Bb5+ Kc7 22. Qxe7+ Kb6 23. Rxf8 Kxb5 24. Qxc5+ Kxc5 25. Nb3+ Kb4 26. Nxa1 b6 27. Nb3 Bb7 28. Rxa8 Bxa8 29. Nd4 Ka3 30. g4 fxg4 31. f5 1-0

[Event "*** Titled Tuesday Blitz"]
[Site "Chess.com"]
[Date "2019.01.01"]
[Round "6"]
[White "CaptainCasanova"]
[Black "StephenDedalus83"]
[Result "1-0"]
[WhiteElo "2749"]
[BlackElo "2717"]
[TimeControl "180+2"]
[EndTime "14:23:46 PST"]
[Termination "CaptainCasanova won by resignation"]

1. e4 c5 2. Nf3 d6 3. d4 cxd4 4. Nxd4 Nf6 5. Nc3 g6 6. f3 Qb6 7. Be3 Qxb2 8. Ndb5 Qb4 9. Nc7+ Kd8 10. Bd2 Kxc7 11.
Nb5+ Qxb5 12. Bxb5 Bg7 13. O-O Nfd7 14. Rb1 Nc5 15. Kh1 b6 16. Bg5 f6 17. Be3 Rd8 18.
Qd5 Bb7 19. Qf7 Bf8 20. Qxh7 g5 21. Bxc5 bxc5 22. Bc4 Nc6 23. Bd5 Rab8 24. a3 Ba6 25.
Rfd1 Ne5 26. h4 gxh4 27. Qxh4 Bg7 28. Qe1 Nc6 29. Bxc6 Kxc6 30. Qa5 Bc4 31. Qxa7 Rh8+ 32. Kg1 Bh6 33. Qa4+ Bb5 34. Rxb5 Rxb5 35. c4 1-0

[Event "*** Titled Tuesday Blitz"]
[Site "Chess.com"]
[Date "2019.01.01"]
[Round "6"]
[White "Diwi89"]
[Black "afgano29"]
[Result "1-0"]
[WhiteElo "2791"]
[BlackElo "2649"]
[TimeControl "180+2"]
[EndTime "14:24:01 PST"]
[Termination "Diwi89 won by resignation"]

1. e4 e6 2. Nf3 d5 3. Nc3 Nf6 4. e5 Nfd7 5. d4 c5 6. dxc5 Nc6 7. Bf4 Bxc5 8. Bd3 f6 9. exf6 Nxf6 10. O-O O-O 11.
Ne5 Bd7 12. Qe2 Rc8 13. Rae1 Nd4 14. Qd2 Be8 15. Be3 Qb6 16. Nd1 Nc6 17. Bxc5 Qxc5 18. Nxc6 Rxc6 19. c3 Qd6 20. Bc2 e5 21. Ne3 Bd7 22. Ba4 Rc7 23. Bb3 Be6 24. Nc4 Rxc4 25. Bxc4 e4 26. Be2 Nd7 27. Rd1 Ne5 28. Qe3 Qe7 29.
Qxa7 Bg4 30. Bxg4 Nxg4 31. Qd4 Qh4 32. Qxd5+ Kh8 33. Qd6 1-0

[Event "*** Titled Tuesday Blitz"]
[Site "Chess.com"]
[Date "2019.01.01"]
[Round "6"]
[White "BillCoe"]
[Black "novocane"]
[Result "1/2-1/2"]
[WhiteElo "1988"]
[BlackElo "2128"]
[TimeControl "180+2"]
[EndTime "14:24:05 PST"]
[Termination "Game drawn by repetition"]

1. e4 c5 2. Nf3 Nc6 3. Bb5 Nf6 4. d3 Qa5+ 5. Nc3 Nd4 6. Bc4 b5 7. Bb3 Nxb3 8. cxb3 e6 9. O-O Be7 10. h3 d6 11. Be3 Bb7 12. e5 dxe5 13. Nxe5 O-O 14. Ng4 Rfd8 15. Nxf6+ Bxf6 16. Bxc5 Bxc3 17. bxc3 Qxc3 18.
d4 Rd5 19. Rc1 Rg5 20. Rxc3 Rxg2+ 21. Kh1 Rxf2+ 22. Kg1 Rg2+ 23. Kh1 Rf2+ 24. Kg1 Rg2+ 25. Kh1 Rf2+ 1/2-1/2

[Event "*** Titled Tuesday Blitz"]
[Site "Chess.com"]
[Date "2019.01.01"]
[Round "6"]
[White "Qingdom"]
[Black "ChessChronicles123"]
[Result "0-1"]
[WhiteElo "2102"]
[BlackElo "1819"]
[TimeControl "180+2"]
[EndTime "14:24:05 PST"]
[Termination "ChessChronicles123 won by resignation"]

1. d4 d5 2. Bf4 Nf6 3. e3 g6 4. c4 c6 5. Nc3 Bg7 6. Qb3 O-O 7. Nf3 e6 8. cxd5 exd5 9. Bd3 Nbd7 10. O-O Nb6 11.
h3 Be6 12. Rfc1 Rc8 13. a4 a5 14. Ne5 Nfd7 15. Nxd7 Bxd7 16. Bd6 Re8 17. Bc5 Na8 18. Qxb7 Rb8 19. Qa7 Rxb2 20. Rab1 Qb8 21. Qxa5 Qb3 22. Rxb2 Qxb2 23. Rb1 Qd2 24. Bf1 Bh6 25. Rb7 Bxh3 26.
gxh3 Bxe3 27. fxe3 Qxe3+ 28. Kh2 Qf2+ 29. Bg2 Qf4+ 30.
Kg1 Re1+ 0-1

[Event "*** Titled Tuesday Blitz"]
[Site "Chess.com"]
[Date "2019.01.01"]
[Round "6"]
[White "fmshawnrl123"]
[Black "Rainmond"]
[Result "1-0"]
[WhiteElo "2540"]
[BlackElo "2781"]
[TimeControl "180+2"]
[EndTime "14:24:10 PST"]
[Termination "fmshawnrl123 won by resignation"]

1. e4 c5 2. Nf3 d6 3. d4 cxd4 4. Qxd4 Nc6 5. Bb5 Bd7 6. Bxc6 Bxc6 7. Nc3 e6 8. Bg5 Nf6 9. O-O-O Be7 10. Qd3 h6 11.
Bd2 a6 12. Nd4 Bd7 13. f4 Rc8 14. e5 Ng4 15. Qg3 h5 16. h3 Bh4 17. Qf3 dxe5 18. hxg4 exd4 19. Ne4 hxg4 20. Qxg4 e5 21. Qxg7 Rh5 22.
Nd6+ Ke7 23. Bb4 Be6 24. Nxf7+ Ke8 25. Qf8+ Kd7 26. Qd6+ Ke8 27. Qxe6+ 1-0

[Event "*** Titled Tuesday Blitz"]
[Site "Chess.com"]
[Date "2019.01.01"]
[Round "6"]
[White "Arman_Hakemi"]
[Black "PrinceCharming92"]
[Result "1-0"]
[WhiteElo "2475"]
[BlackElo "2439"]
[TimeControl "180+2"]
[EndTime "14:24:11 PST"]
[Termination "Arman_Hakemi won by resignation"]

1. e4 d5 2. exd5 Qxd5 3. Nc3 Qd6 4. d4 Nf6 5. Bc4 c6 6. Nf3 Bg4 7. h3 Bxf3 8. Qxf3 Qxd4 9. Bb3 e6 10. Be3 Qb4 11. O-O-O Be7 12. g4 O-O 13. g5 Nd5 14. Nxd5 cxd5 15. h4 a5 16. a3 Qb5 17. h5 a4 18. Ba2 Nc6 19. g6 fxg6 20. Qg4 Bf6 21.
Qxe6+ Kh8 22. hxg6 Qxb2+ 23. Kd2 Qc3+ 24. Ke2 Qxc2+ 25. Rd2 Qxg6 26. Bb1 Qf7 27. Rxh7+ Kg8 28. Qh3 Qe7 29. Qh5 g6 30. Qxg6+ Bg7 31. Rh8+ 1-0

[Event "*** Titled Tuesday Blitz"]
[Site "Chess.com"]
[Date "2019.01.01"]
[Round "6"]
[White "minnesotachessmaster"]
[Black "WorldChampionBulletChess"]
[Result "1/2-1/2"]
[WhiteElo "1958"]
[BlackElo "2089"]
[TimeControl "180+2"]
[EndTime "14:24:12 PST"]
[Termination "Game drawn by agreement"]

1. d4 Nf6 2. c4 e6 3. Nf3 b6 4.
Nc3 Bb7 5. e3 Be7 6. Bd3 O-O 7.
O-O c5 8. d5 exd5 9. cxd5 Re8 10.
e4 d6 11. a4 Qc8 12. h3 Nbd7 13. b3 Bf8 14. Bb2 c4 15. Bxc4 Nxe4 16. Nxe4 Rxe4 17.
Bd3 Re8 18. Ng5 g6 19. Nxh7 Bg7 20. Bxg7 Kxg7 21. Ng5 Ne5 22. Be4 Ba6 23. Re1 Qc3 24.
Rc1 Qb4 25. Nf3 Nxf3+ 26. Bxf3 Rxe1+ 27. Qxe1 Qxb3 28. Qe4 Rc8 29. Qd4+ Kh7 30. Re1 Qc3 31. Qh4+ Kg7 32. Re7 1/2-1/2

[Event "*** Titled Tuesday Blitz"]
[Site "Chess.com"]
[Date "2019.01.01"]
[Round "6"]
[White "Lion_DL"]
[Black "Saitama_Hero"]
[Result "0-1"]
[WhiteElo "2368"]
[BlackElo "2376"]
[TimeControl "180+2"]
[EndTime "14:24:13 PST"]
[Termination "Saitama_Hero won by resignation"]

1. e4 c5 2. Nf3 g6 3. c3 Bg7 4. g3 d5 5. e5 Nc6 6. d4 cxd4 7. cxd4 Bg4 8. Be2 Qb6 9. O-O e6 10. Be3 Nge7 11. Nc3 O-O 12. Na4 Qa5 13. b3 Nf5 14.
Rc1 Rac8 15. Rc5 Qd8 16. Qd2 b6 17. Rcc1 Qe7 18. Kg2 Rc7 19. Bb5 Rfc8 20. Ba6 Bxf3+ 21. Kxf3 Ncxd4+ 22. Kg2 Rxc1 23. Bxd4 Rxf1 24. Bxc8 Rb1 25. Bb2 Qc7 26. Ba6 Bxe5 27. Bd3 Bxb2 28. Bxb1 Bg7 29. Bxf5 gxf5 30. Nb2 Qc3 31. Qxc3 Bxc3 32. Nd3 e5 33. f4 e4 0-1

[Event "*** Titled Tuesday Blitz"]
[Site "Chess.com"]
[Date "2019.01.01"]
[Round "6"]
[White "LawrenceTrent"]
[Black "michaelq2d5"]
[Result "1-0"]
[WhiteElo "2541"]
[BlackElo "2732"]
[TimeControl "180+2"]
[EndTime "14:24:15 PST"]
[Termination "LawrenceTrent won by resignation"]

1. d4 d5 2. c4 dxc4 3. e3 Nf6 4. Bxc4 a6 5. Nf3 e6 6. O-O c5 7. b3 cxd4 8. exd4 b5 9. Be2 Bb7 10. Bb2 Be7 11. Nbd2 O-O 12. a4 bxa4 13. Rxa4 Nbd7 14. Qa1 Nb6 15. Ra2 Nfd5 16. Rc1 Nb4 17. Ra5 Rc8 18. Nc4 Be4 19. Rc5 N6d5 20. Rxc8 Qxc8 21. Nd6 Qxc1+ 22.
Bxc1 Bxd6 23. g3 h6 24. Bd2 Rc8 25. Ne1 Nc2 26. Qxa6 Ne7 27. Qxd6 1-0

[Event "*** Titled Tuesday Blitz"]
[Site "Chess.com"]
[Date "2019.01.01"]
[Round "6"]
[White "gmcorrales"]
[Black "BlackBoarder"]
[Result "1-0"]
[WhiteElo "2757"]
[BlackElo "2562"]
[TimeControl "180+2"]
[EndTime "14:24:22 PST"]
[Termination "gmcorrales won by resignation"]

1. e4 e6 2. d4 d5 3. e5 c5 4. c3 Nc6 5. Nf3 Bd7 6. Bd3 Rc8 7. O-O cxd4 8. cxd4 Nb4 9. Nc3 Nxd3 10. Qxd3 Ne7 11. Bg5 h6 12. Bh4 Qb6 13. Rfc1 Nf5 14. Rc2 Nxh4 15.
Nxh4 Be7 16. Nf3 O-O 17. Rac1 a5 18. h4 Rfd8 19. h5 Rc4 20. b3 Rcc8 21. Na4 Qa7 22.
Nc5 Be8 23. g4 b6 24. Na4 Rxc2 25. Qxc2 Bxa4 26. bxa4 Ba3 27. Qc7 Qxc7 28. Rxc7 Rb8 29. Kf1 b5 30. axb5 Rxb5 31. g5 Bf8 32. g6 fxg6 33.
hxg6 Rb2 34. Rc6 Rxa2 35. Rxe6 a4 36. Ra6 a3 37. e6 Ra1+ 38. Kg2 Rd1 39. Ra8 a2 40. e7 1-0

[Event "*** Titled Tuesday Blitz"]
[Site "Chess.com"]
[Date "2019.01.01"]
[Round "6"]
[White "MFguimaraes"]
[Black "jmduque"]
[Result "1-0"]
[WhiteElo "2321"]
[BlackElo "2210"]
[TimeControl "180+2"]
[EndTime "14:24:22 PST"]
[Termination "MFguimaraes won by resignation"]

1. e4 e5 2. Nf3 Nc6 3. Bc4 Nf6 4. Ng5 d5 5. exd5 Na5 6. Bb5+ c6 7. dxc6 bxc6 8. Qf3 Be7 9. Bxc6+ Nxc6 10. Qxc6+ Bd7 11. Qa6 Rc8 12. Nc3 h6 13. Nf3 O-O 14. O-O Rc6 15.
Qe2 Qb8 16. Nxe5 Bf5 17. d4 Re6 18. b3 Ng4 19. Qf3 Rf6 20. Nxg4 1-0

[Event "*** Titled Tuesday Blitz"]
[Site "Chess.com"]
[Date "2019.01.01"]
[Round "6"]
[White "Torrentec"]
[Black "Rashad_Zeynalli"]
[Result "0-1"]
[WhiteElo "2314"]
[BlackElo "2426"]
[TimeControl "180+2"]
[EndTime "14:24:24 PST"]
[Termination "Rashad_Zeynalli won on time"]

1. d4 Nf6 2. Nf3 g6 3. Nbd2 Bg7 4. g3 O-O 5. Bg2 d6 6. O-O Nc6 7. e4 e5 8. c3 Bg4 9. Qc2 Re8 10. Re1 Qd7 11. d5 Ne7 12. Nc4 Rf8 13. Bg5 Nh5 14.
Ne3 f6 15. Nxg4 Qxg4 16. Be3 Qd7 17. h3 h6 18. Qd2 g5 19. Nh2 f5 20. exf5 Nxf5 21.
Ng4 Nf6 22. Nxf6+ Rxf6 23. Be4 Nxe3 24. Qxe3 Qxh3 25. Bg2 Qg4 26. Kh2 Raf8 27. Bh3 Rxf2+ 0-1

[Event "*** Titled Tuesday Blitz"]
[Site "Chess.com"]
[Date "2019.01.01"]
[Round "6"]
[White "Kazakov_Konstantin"]
[Black "vugarrasulov"]
[Result "0-1"]
[WhiteElo "2561"]
[BlackElo "2791"]
[TimeControl "180+2"]
[EndTime "14:24:25 PST"]
[Termination "vugarrasulov won by resignation"]

1. e4 e6 2. d4 d5 3. Nd2 Nf6 4. e5 Nfd7 5. Bd3 c5 6. c3 Nc6 7. Ne2 Qb6 8. Nf3 cxd4 9. cxd4 Bb4+ 10. Bd2 Bxd2+ 11. Qxd2 Qb4 12. a3 Qxd2+ 13. Kxd2 Nb6 14. Rac1 a5 15. Nf4 h5 16. h4 a4 17. Rc5 Na5 18. Ke2 Nbc4 19. Nd2 Nxd2 20. Kxd2 Nb3+ 21. Ke3 Nxc5 22.
dxc5 Bd7 23. Ne2 f6 24. f4 Ke7 25. Rc1 fxe5 26. fxe5 Rhg8 27. Nf4 g5 28. Ng6+ Kd8 29. hxg5 Kc7 30. Rf1 Rg7 31. Nf8 Rxg5 32. Rf7 Rxf8 33.
Rxf8 Rxg2 34. Rh8 Rxb2 35. Rxh5 Rb3 36. Kd4 Rxa3 37. Rh7 Rb3 38. Bc2 Rb4+ 39. Kd3 a3 40.
Rh1 Bb5+ 41. Kd2 a2 42. Ra1 Bc4 43. Kc3 Rb5 44. Kd4 Ra5 45. Bg6 Ra3 46. Bc2 b6 47.
cxb6+ Kxb6 48. Bg6 Kb5 49. Bc2 Kb4 50. Bg6 Rg3 51. Bh7 Rg4+ 52. Ke3 Kc3 53. Rc1+ Kb2 54. Rc2+ Ka3 55. Rc3+ Bb3 56. Rc1 Kb2 0-1

[Event "*** Titled Tuesday Blitz"]
[Site "Chess.com"]
[Date "2019.01.01"]
[Round "6"]
[White "tigra"]
[Black "MehdiHosseinipour"]
[Result "1-0"]
[WhiteElo "2755"]
[BlackElo "2567"]
[TimeControl "180+2"]
[EndTime "14:24:31 PST"]
[Termination "tigra won by resignation"]

1. e4 c5 2. Nc3 Nc6 3. Nge2 d6 4. d4 cxd4 5. Nxd4 Nf6 6. Bg5 e6 7.
Qd2 a6 8. O-O-O Bd7 9. f3 b5 10. Kb1 Qb6 11. Be3 Qc7 12. g4 Nxd4 13. Bxd4 Bc6 14. g5 Nd7 15. h4 b4 16. Ne2 d5 17.
Bg2 dxe4 18. fxe4 Ne5 19. b3 Bd6 20. Bb6 Qxb6 21. Qxd6 Qb8 22. Qc5 Qb5 23. Qxb5 Bxb5 24. Nd4 Bd7 25. c3 bxc3 26. Rc1 Ke7 27. Rxc3 h6 28.
Nf3 Nxf3 29. Bxf3 hxg5 30. hxg5 Rxh1+ 31. Bxh1 Rh8 32. Bf3 Rh3 33. Kb2 Rg3 34. Be2 Rxg5 35. Bxa6 Re5 36. Bb7 f5 37. exf5 exf5 38. a4 g5 39. Ka3 f4 40. b4 g4 41. b5 Re3 42.
Kb4 Re4+ 43. Bxe4 1-0

[Event "*** Titled Tuesday Blitz"]
[Site "Chess.com"]
[Date "2019.01.01"]
[Round "6"]
[White "northridgehawk"]
[Black "Blagorod"]
[Result "1-0"]
[WhiteElo "2248"]
[BlackElo "2094"]
[TimeControl "180+2"]
[EndTime "14:24:31 PST"]
[Termination "northridgehawk won on time"]

1. e4 e5 2. Nf3 Nf6 3. Nxe5 d6 4. Nf3 Nxe4 5. Nc3 Nxc3 6. dxc3 Be7 7. Be3 Be6 8. Qd2 Nc6 9. O-O-O Qd7 10. Kb1 O-O-O 11.
h4 h6 12. Bb5 a6 13. Be2 Bf6 14. Nd4 Nxd4 15. cxd4 Qa4 16. b3 Qa3 17. Qc3 d5 18. Bf4 Qe7 19. Bf3 Rd7 20. g3 Rdd8 21. Rhe1 Qd7 22.
Qc5 Kb8 23. Re3 Be7 24. Qa5 Bd6 25. Be5 f6 26. Bxd6 Qxd6 27. Rde1 Rhe8 28. R1e2 c6 29. Qe1 Kc7 30. Rxe6 Rxe6 31. Rxe6 Qa3 32. Re7+ Kb8 33. Bg4 c5 34. Re8 Rxe8 35. Qxe8+ Ka7 36. Qe7 1-0

[Event "*** Titled Tuesday Blitz"]
[Site "Chess.com"]
[Date "2019.01.01"]
[Round "6"]
[White "Babas"]
[Black "DanielMieles1985"]
[Result "0-1"]
[WhiteElo "2276"]
[BlackElo "2234"]
[TimeControl "180+2"]
[EndTime "14:24:36 PST"]
[Termination "DanielMieles1985 won by resignation"]

1. d4 Nf6 2. Bg5 e6 3. e4 h6 4. Bxf6 Qxf6 5. c3 e5 6. Bd3 exd4 7. Ne2 Nc6 8. O-O Bc5 9. b4 Bb6 10. b5 Ne5 11. cxd4 Nxd3 12. Qxd3 O-O 13. Nbc3 c6 14.
f4 d5 15. e5 Bf5 16. Qe3 Qg6 17. Ng3 f6 18. Nxf5 Qxf5 19. Rf3 fxe5 20. fxe5 Qg4 21. Rxf8+ Rxf8 22. Rd1 Rf4 23. Ne2 Re4 24. Qf3 Qxf3 25. gxf3 Rxe2 26. bxc6 bxc6 27. f4 g6 28. Kf1 Re4 29. Rc1 Rxf4+ 30. Kg2 Rxd4 31. Rxc6 Re4 32. Rxg6+ Kf7 33. Rxh6 Rxe5 34. Rh7+ Ke6 35. Rh6+ Kf5 36. Rh5+ Ke4 37. Rh3 d4 38. Kf1 d3 39. Ke1 Be3 40. Kd1 Rb5 41. Rh4+ Bf4 0-1

[Event "*** Titled Tuesday Blitz"]
[Site "Chess.com"]
[Date "2019.01.01"]
[Round "6"]
[White "MatthewG-p4p"]
[Black "florianschwabeneder"]
[Result "1-0"]
[WhiteElo "2643"]
[BlackElo "2453"]
[TimeControl "180+2"]
[EndTime "14:24:49 PST"]
[Termination "MatthewG-p4p won by resignation"]

1. f4 g6 2. Nf3 Bg7 3. g3 d6 4. Bg2 e5 5. d3 Nc6 6. Nc3 exf4 7. Bxf4 Nf6 8. O-O O-O 9. Qd2 Ng4 10. e4 Nd4 11.
Nxd4 Bxd4+ 12. Kh1 Bg7 13. d4 c6 14. h3 Nf6 15. g4 Ne8 16. Rad1 Nc7 17. Bg5 f6 18. Bh4 Be6 19. Qf2 d5 20. Rfe1 Qd7 21. Bg3 dxe4 22.
Nxe4 Na6 23. Bd6 Rf7 24. Ba3 Bd5 25. c4 Bxe4 26. Bxe4 Bf8 27. d5 c5 28. d6 Kg7 29.
Bd5 Rc8 30. Bxf7 Kxf7 31. b3 b6 32. Bb2 f5 33. gxf5 gxf5 1-0

[Event "*** Titled Tuesday Blitz"]
[Site "Chess.com"]
[Date "2019.01.01"]
[Round "6"]
[White "Blitzstream"]
[Black "Slovak_fighter2000"]
[Result "1-0"]
[WhiteElo "2551"]
[BlackElo "2440"]
[TimeControl "180+2"]
[EndTime "14:24:51 PST"]
[Termination "Blitzstream won by checkmate"]

1. e4 e6 2. d4 d5 3. Nd2 a6 4.
Ngf3 c5 5. c3 Nc6 6. e5 Qb6 7. Nb3 cxd4 8. cxd4 Bb4+ 9. Bd2 Nge7 10.
Bxb4 Qxb4+ 11. Qd2 Qb6 12. Bd3 Bd7 13. O-O O-O 14. Rac1 Rac8 15. Nc5 Nb8 16. Qg5 Ng6 17.
Qh5 Bb5 18. Ng5 h6 19. Ngxe6 Bxd3 20. Nxf8 Bxf1 21. Nxg6 fxg6 22. Qg4 Rf8 23. Rxf1 Qxb2 24. Qxg6 Nc6 25. Nd7 Rd8 26. Nf6+ Kf8 27. Nh7+ Kg8 28. Nf6+ Kf8 29. e6 Ke7 30. Qxg7+ Kd6 31. Ne8+ Kxe6 32.
Re1+ Kf5 33. Qf6+ Kg4 34. h3+ Kh5 35. Ng7# 1-0

[Event "*** Titled Tuesday Blitz"]
[Site "Chess.com"]
[Date "2019.01.01"]
[Round "6"]
[White "Vuk2000"]
[Black "Paralinch"]
[Result "0-1"]
[WhiteElo "2758"]
[BlackElo "2917"]
[TimeControl "180+2"]
[EndTime "14:24:53 PST"]
[Termination "Paralinch won by resignation"]

1. d4 d5 2. Nf3 Nf6 3. c4 dxc4 4. e3 e6 5. Bxc4 c5 6. O-O a6 7. a4 Nc6 8. Qe2 cxd4 9. exd4 Be7 10. Rd1 O-O 11.
Nc3 Nd5 12. Ne5 Nxc3 13. bxc3 Nxe5 14. dxe5 Qc7 15. Be3 Qxe5 16. a5 Bc5 17. Rd3 Qc7 18. Bxc5 Qxc5 19. Rd4 Qc7 20. Qh5 Bd7 21. Rg4 g6 22.
Qh6 Qe5 23. Rh4 Qg7 24. Qe3 Rac8 25. Rd1 Ba4 26. Rd6 Rfd8 27. Rhd4 Rxd6 28. Rxd6 Qf6 29.
Rd4 e5 30. Re4 Bc2 31. Rg4 h5 32. Rg5 Rxc4 33. Rxe5 Kg7 34. g3 Bf5 35. h4 Rc6 36.
Kh2 Re6 0-1

[Event "*** Titled Tuesday Blitz"]
[Site "Chess.com"]
[Date "2019.01.01"]
[Round "6"]
[White "akhairat"]
[Black "Triumphmate"]
[Result "0-1"]
[WhiteElo "2234"]
[BlackElo "2215"]
[TimeControl "180+2"]
[EndTime "14:24:58 PST"]
[Termination "Triumphmate won by resignation"]

1. Nf3 Nf6 2. b3 e6 3. Bb2 d5 4. g3 Be7 5. Bg2 O-O 6. O-O c5 7. d3 Nc6 8. Nbd2 d4 9. e4 e5 10. Nc4 Qc7 11. a4 b6 12. Nh4 Rb8 13. Nf5 Bxf5 14.
exf5 a6 15. Bxc6 Qxc6 16. Nxe5 Qc7 17. Re1 Bd6 18. Nc4 Rfe8 19. Qf3 b5 20. Rxe8+ Rxe8 21. axb5 axb5 22. Ra8 bxc4 23. Rxe8+ Nxe8 24. dxc4 h6 25. Bc1 Nf6 26. Qa8+ Kh7 27. Bd2 Qe7 28. Kf1 Qe5 29.
Qf3 Ne4 30. Be1 f6 31. h4 Bc7 32. Qg4 Nd6 33. Qg6+ Kg8 34. g4 Qe4 35. Bd2 Nf7 36. g5 hxg5 37. hxg5 Qh1+ 38. Ke2 Qe4+ 39. Kf1 Be5 40.
Qh5 Qxf5 41. Qh1 Nxg5 42. Qd5+ Kh7 43. Qxc5 Ne4 0-1

[Event "*** Titled Tuesday Blitz"]
[Site "Chess.com"]
[Date "2019.01.01"]
[Round "6"]
[White "Alexander_Donchenko"]
[Black "Bigfish1995"]
[Result "0-1"]
[WhiteElo "2666"]
[BlackElo "2916"]
[TimeControl "180+2"]
[EndTime "14:25:02 PST"]
[Termination "Bigfish1995 won by resignation"]

1. f4 b5 2. e3 a6 3. Be2 Bb7 4.
Bf3 d5 5. Ne2 c5 6. O-O Nf6 7.
a4 Nbd7 8. b3 e5 9. Ng3 Be7 10.
axb5 axb5 11. Rxa8 Bxa8 12. Bb2 exf4 13. exf4 O-O 14.
Re1 Re8 15. Nc3 b4 16. Na4 Bf8 17. Rxe8 Qxe8 18. Qe2 Qb8 19. Be5 Qa7 20. Kh1 Bc6 21. Nb2 Nxe5 22. Qxe5 Qa1+ 23. Nd1 Qc1 24. d3 Qxc2 25. Nf5 Qxd3 26. h3 h5 27. Nde3 Bd7 28. Ne7+ Bxe7 29. Qxe7 Be6 30. f5 Qxe3 31. fxe6 fxe6 32. Bxh5 Qe1+ 33. Kh2 Qe5+ 34. Kh1 Nxh5 0-1